 Dungeon Crawl Stone Soup version 0.29-a0-962-gc8bbfd0a37 (webtiles) character file.

Game seed: 5491293199868750324

76944 ragingrage the Severer (level 15, -10/95 HPs)
             Began as a Gargoyle Artificer on July 30, 2022.
             Was the Champion of Okawaru.
             Mangled by a tarantella simulacrum (17 damage)
             ... on level 1 of the Spider Nest.
             The game lasted 00:38:08 (25668 turns).

ragingrage the Severer (Gargoyle Artificer)        Turns: 25668, Time: 00:38:09

Health: -10/95     AC: 18    Str: 23    XL:     15   Next: 55%
Magic:  18/18      EV: 14    Int: 14    God:    Okawaru [******]
Gold:   264        SH:  5    Dex: 16    Spells: 14/14 levels left

rFire   . . .      SeeInvis .   b - +1 battleaxe (vamp)
rCold   . . .      Faith    .   (shield currently unavailable)
rNeg    + + .      Spirit   .   Q - +2 chain mail {Will+}
rPois   ∞          Reflect  +   Z - +1 helmet
rElec   +          Harm     .   V - scarf {repulsion}
rCorr   .          Rampage  +   y - +0 pair of gloves {hurl}
Will    ++...                   g - +0 pair of boots "Giboheawk" {Rampage rN+ Str+2}
Stlth   ..........              q - amulet of reflection
HPRegen 0.25/turn               C - +6 ring of dexterity
MPRegen 0.16/turn               X - ring "Vuguf" {EV+4 Stlth+}

@: corroded, flying, studying Ice Magic, repel missiles
A: sickness immunity, AC +11, big wings, negative energy resistance 1,
electricity resistance, torment resistance 1, petrification resistance
a: Renounce Religion, Heroism, Finesse, Duel


You were on level 1 of the Spider Nest.
You worshipped Okawaru.
Okawaru was exalted by your worship.
You visited 5 branches of the dungeon, and saw 21 of its levels.
You also visited: Ossuary.

You collected 2824 gold pieces.
You spent 2560 gold pieces at shops.

Inventory:

Hand Weapons
 a - the +8 battleaxe of Uskayaw's Grace {flame, Str+2}
   (You acquired it on level 11 of the Dungeon)

   It burns those it strikes, dealing additional fire damage.
   Big, fiery blades are also staple armaments of hydra-hunters.
   Str:       It affects your strength (+2).
 b - a +1 vampiric battleaxe (weapon)
Missiles
 h - 12 javelins
 p - 27 poisoned darts
 K - 8 curare-tipped darts (quivered)
 N - a throwing net
Armour
 d - the +4 scale mail "Zaat" {-Cast Rampage Dex+4 Stlth+}
   (You bought it in a shop on level 2 of the Orcish Mines)

   Dex:       It affects your dexterity (+4).
   -Cast:     It prevents spellcasting.
   Rampage:   It bestows one free step when moving towards enemies.
   Stlth:     It makes you more stealthy.
 g - the +0 pair of boots "Giboheawk" (worn) {Rampage rN+ Str+2}
   (Okawaru gifted it to you on level 4 of the Lair of Beasts)

   Str:       It affects your strength (+2).
   rN:        It protects you from negative energy.
   Rampage:   It bestows one free step when moving towards enemies.
 i - +0 fire dragon scales
 y - a +0 pair of gloves of hurling (worn)
 Q - a +2 chain mail of willpower (worn)
 V - a scarf of repulsion (worn)
 Z - a +1 helmet (worn)
Jewellery
 q - an amulet of reflection (around neck)
 C - a +6 ring of dexterity (left hand)
 J - a ring of willpower
 X - the ring "Vuguf" (right hand) {EV+4 Stlth+}
   (You took it off a deep elf pyromancer on level 9 of the Dungeon)

   [ring of evasion]

   EV:        It affects your evasion (+4).
   Stlth:     It makes you more stealthy.
Wands
 c - a wand of flame (16)
 e - a wand of iceblast (3)
 n - a wand of polymorph (6)
 t - a wand of mindburst (8)
 z - a wand of digging (22)
 M - a wand of quicksilver (12)
Scrolls
 f - 12 scrolls of teleportation
 j - 9 scrolls of vulnerability
 l - 2 scrolls of silence
 r - 7 scrolls of identify
 s - 5 scrolls of blinking
 u - 7 scrolls of immolation
 v - a scroll of amnesia
 x - 4 scrolls of butterflies
 E - 7 scrolls of fear
 F - 5 scrolls of enchant armour
 H - a scroll of enchant weapon
 P - 2 scrolls of poison
 S - a scroll of magic mapping
Potions
 k - 4 potions of mutation
 m - 3 potions of attraction
 o - 4 potions of cancellation
 w - 4 potions of might
 A - 3 potions of curing
 B - 6 potions of haste
 D - 4 potions of invisibility
 G - 4 potions of heal wounds
 I - 3 potions of ambrosia
 L - 3 potions of magic
 O - 2 potions of flight {unknown}
 R - 4 potions of berserk rage
 U - 3 potions of brilliance {unknown}
 W - 4 potions of lignification
 Y - a potion of resistance {unknown}
Miscellaneous
 T - a phial of floods


   Skills:
 + Level 11.3 Fighting
 - Level 20.0 Axes
 + Level 10.4 Armour
 - Level 3.0 Dodging
 - Level 1.1 Stealth
 - Level 5.0 Invocations
 - Level 10.0 Evocations


You had 14 spell levels left.
You didn't know any spells.
Your spell library contained the following spells:

 Spells                   Type           Power      Damage    Failure   Level
 Freeze                   Ice            0%         1d3       85%         1
 Necrotise                Necr           0%         1d4       85%         1
 Poisonous Vapours        Pois/Air       0%         N/A       94%         2
 Dazzling Flash           Conj/Hex       0%         N/A       99%         3
 Frozen Ramparts          Ice            0%         1d2       99%         3
 Inner Flame              Hex/Fire       0%         N/A       99%         3
 Vampiric Draining        Necr           0%         2d6       99%         3
 Airstrike                Air            0%         0-1+      100%        4
 Cause Fear               Hex            0%         N/A       100%        4
 Corpse Rot               Necr/Pois/Air  0%         N/A       100%        4
 Hailstorm                Conj/Ice       0%         3d3       100%        4
 Iskenderun's Mystic Bla  Conj/Tloc      0%         2d3       100%        4
 Passage of Golubria      Tloc           0%         N/A       100%        4
 Agony                    Necr           0%         N/A       100%        5
 Borgnjor's Vile Clutch   Necr/Erth      0%         N/A       100%        5
 Freezing Cloud           Conj/Ice/Air   0%         6-21      100%        5
 Lightning Bolt           Conj/Air       0%         1d11      100%        5
 Yara's Violent Unravell  Hex/Tmut       0%         3d3       100%        5
 Starburst                Conj/Fire      0%         6d3       100%        6
 Discord                  Hex            0%         N/A       100%        8
 Polar Vortex             Ice            0%         N/A       100%        9
 Tukima's Dance           Hex            Unusable   N/A       N/A         3
 Animate Dead             Necr           Unusable   N/A       N/A         4
 Summon Lightning Spire   Summ/Air       Unusable   N/A       N/A         4
 Death Channel            Necr           Unusable   N/A       N/A         6
 Simulacrum               Ice/Necr       Unusable   N/A       N/A         6

Dungeon Overview and Level Annotations

Branches:
Dungeon (12/15)            Temple (1/1) D:5            Lair (5/5) D:8
 Shoals (0/4) Lair:3       Spider (1/4) Lair:3        Slime (0/5) Lair:4
    Orc (2/2) D:9             Elf (0/3) Orc:2       Ossuary (visited)

Altars:
Ashenzari
Cheibriados
Dithmenos
Elyvilon
Fedhas
Gozag
Hepliaklqana
Kikubaaqudgha
Makhleb
Nemelex Xobeh
Okawaru
Qazlal
Ru
Sif Muna
Trog
Uskayaw
Vehumet
Wu Jian
Xom
Yredelemnul
Zin
The Shining One

Shops:
D:2 *[[?[   D:3 =(   Orc:2 !(*([?

Annotations:
D:7 exclusion: downstairs
Lair:2 1 runed translucent door, Qyfeak's ghost, journeyman DjVM


Innate Abilities, Weirdness & Mutations

You are immune to sickness and miasma.
Your stone body is resilient. (AC +11)
You are immune to poison.
Your large and strong wings let you fly.
You resist negative energy. (rN+)
You are resistant to electric shocks. (rElec)
You are resistant to unholy torment.
You are immune to petrification.


Message History

The tarantella touches you! The tarantella completely misses you.
You slash the tarantella!
You kill the tarantella!
Okawaru accepts your kill.
You slash the culicivora!
You feel better.
The culicivora is heavily wounded.
The culicivora bites you!
You completely miss the culicivora.
The culicivora is heavily wounded.
The culicivora bites you!
You hit the culicivora.
You feel better.
The culicivora is heavily wounded.
The culicivora bites you!
You slice the culicivora!!
You kill the culicivora!
Okawaru accepts your kill.
You slice the tarantella!!
The tarantella is almost dead.
The tarantella touches you.
* * * LOW HITPOINT WARNING * * *
The tarantella completely misses you.
You slice the tarantella!!
You kill the tarantella!
Okawaru accepts your kill.
A freezing mist starts to gather...
A tarantella simulacrum comes into view.
You hit the tarantella simulacrum.
The tarantella simulacrum is moderately damaged.
You closely miss the tarantella simulacrum.
The tarantella simulacrum is moderately damaged.
The tarantella simulacrum hits you.
* * * LOW HITPOINT WARNING * * *
The tarantella simulacrum freezes you!
* * * LOW HITPOINT WARNING * * *
You closely miss the tarantella simulacrum.
The tarantella simulacrum is moderately damaged.
The tarantella simulacrum hits you.
* * * LOW HITPOINT WARNING * * *
The tarantella simulacrum freezes you!
You die...

#.... #...# #..... .....
##...# #...... ....# ##....##
##....# ##....####......#
#....#
##..#............###....######
#...........##...............#
............##@..............#
......†......Z###.#..........#
...........#.## ##.#.........#
#.##.......### #.##........##
#.##...## ##.#.......... ..
##### ###........# ...
#.##.....##. .. #.##....###. .
##.....###..


You could see a tarantella simulacrum.

Vanquished Creatures
  An entropy weaver (Spider:1)
  4 dire elephants (Lair:5)
  Erolcha (D:9)
  3 boulder beetles
  The ghost of reriks the Slicer, a journeyman GnWn of the Shining One (Orc:1)
  4 hydras
  A catoblepas (Lair:2)
  Erica (D:9)
  4 two-headed ogres
  3 death yaks (Lair:5)
  3 orc high priests (Orc:2)
  A spectral death yak (Lair:5)
  Lodul (D:12)
  A pharaoh ant (Spider:1)
  A spectral anaconda (Lair:5)
  A steelbarb worm (Spider:1)
  5 orc knights (Orc:2)
  An obsidian statue (Lair:5)
  2 deep elf pyromancers (D:9)
  4 necromancers (Lair:5)
  7 orc sorcerers
  A wolf spider (Spider:1)
  2 cyclopes (D:9)
  A salamander (D:9)
  A manticore (Lair:3)
  13 elephants (Lair:5)
  3 dire elephant zombies (Lair:5)
  8 black mambas
  A torpor snail (Lair:5)
  10 cane toads
  2 gargoyles
  A dire elephant skeleton (Lair:5)
  10 rime drakes
  2 demonic crawlers (Spider:1)
  A tengu conjurer (D:11)
  7 komodo dragons
  6 trolls
  A meliai (D:9)
  2 polar bears
  Grinder (D:4)
  A wind drake (Lair:3)
  A hornet (D:10)
  7 blink frogs
  3 tarantellas (Spider:1)
  A spectral elephant (Lair:5)
  Prince Ribbit (D:6)
  13 dream sheep
  A slime creature (D:8)
  2 jumping spiders (Lair:3)
  2 culicivoras (Spider:1)
  2 shadows
  A dire elephant simulacrum (Lair:5)
  A wraith (D:9)
  5 wyverns
  52 yaks
  10 basilisks
  2 steam dragons
  7 redbacks
  8 wargs
  A vampire mosquito (D:9)
  2 acid dragons
  A hell hound (Lair:4)
  13 water moccasins
  22 orc warriors
  An elephant zombie (Lair:5)
  2 ice beasts (D:5)
  A sky beast (D:7)
  A black bear (Lair:2)
  An elephant skeleton (Lair:5)
  14 ogres
  11 wolves
  A centaur (D:10)
  5 kobold brigands
  2 gnoll sergeants
  15 bullfrogs
  2 cane toad simulacra (Lair:5)
  9 wights (D:9)
  2 scorpions
  21 killer bees
  2 elephant simulacra (Lair:5)
  2 howler monkeys
  A hound (D:6)
  2 gnoll boudas
  7 jellies
  11 orc priests
  Ijyb (D:3)
  22 orc wizards
  6 hell rats (Lair:4)
  3 mummies (Ossuary)
  7 adders
  17 gnolls
  A white imp (D:7)
  2 ufetubi
  3 worms
  50 orcs
  8 ball pythons
  15 endoplasms
  2 giant cockroaches
  4 goblins
  10 hobgoblins
  20 kobolds
  A quokka (D:1)
  10 bats
  7 frilled lizards
  A gnoll zombie (Ossuary)
  3 goblin zombies (Ossuary)
  3 hobgoblin zombies (Ossuary)
  An orc zombie (Ossuary)
  6 rats
598 creatures vanquished.

Vanquished Creatures (collateral kills)
  3 gnolls
  An adder (D:4)
  2 orcs (D:5)
  A rat (D:3)
7 creatures vanquished.

Vanquished Creatures (others)
  A gnoll (D:3)
  An adder (D:3)
  A hobgoblin (D:1)
  44 fungi
  28 plants
  16 withered plants (Lair:5)
91 creatures vanquished.

Grand Total: 696 creatures vanquished

Notes
Turn   | Place    | Note
-------+----------+-------------------------------------------
     0 | D:1      | ragingrage the Gargoyle Artificer began the quest for the
                  | Orb.
     0 | D:1      | Reached XP level 1. HP: 12/12 MP: 1/1
   309 | D:1      | Reached XP level 2. HP: 17/17 MP: 2/2
   545 | D:1      | You fall into a shaft and drop 1 floor!
   594 | D:2      | Found Okilyn's Magic Scroll Shoppe.
   661 | D:2      | Reached XP level 3. HP: 21/22 MP: 3/3
   795 | D:2      | Bought a scroll of teleportation for 42 gold pieces
   875 | D:2      | Found Gushren's Armour Shoppe.
   879 | D:2      | Found Xios's Assorted Antiques.
   884 | D:2      | Found Arideib's Antique Armour Shop.
  1015 | D:1      | Found a faded altar of an unknown god.
  1290 | D:2      | Reached XP level 4. HP: 27/28 MP: 4/4
  1320 | D:2      | Bought a long brass wand for 76 gold pieces
  1527 | D:2      | Found Icku's Armour Shoppe.
  1702 | D:3      | Noticed Ijyb
  1719 | D:3      | Killed Ijyb
  1720 | D:3      | Reached XP level 5. HP: 26/33 MP: 5/5
  1824 | D:3      | Found Cischaqen's One-of-a-Kind Rings.
  2187 | D:3      | Found a sacrificial altar of Ru.
  2444 | D:3      | Reached skill level 1 in Axes
  2615 | D:3      | Found Vobeipot's Weapon Shop.
  2861 | D:4      | Noticed Grinder
  2869 | D:4      | Killed Grinder
  2870 | D:4      | Reached skill level 2 in Axes
  2870 | D:4      | Reached skill level 5 in Evocations
  2870 | D:4      | Reached XP level 6. HP: 28/38 MP: 6/6
  3625 | D:4      | Reached skill level 3 in Axes
  3629 | D:4      | Reached XP level 7. HP: 32/42 MP: 7/7
  3874 | D:4      | Found a burning altar of Makhleb.
  4079 | D:5      | Entered Level 5 of the Dungeon
  4548 | D:5      | Found a staircase to the Ecumenical Temple.
  4571 | D:5      | Reached skill level 4 in Axes
  4581 | Temple   | Entered the Ecumenical Temple
  4622 | Temple   | Became a worshipper of Warmaster Okawaru
  5264 | D:6      | Noticed a steam dragon
  5407 | D:6      | Noticed Prince Ribbit
  5413 | D:6      | Killed Prince Ribbit
  5414 | D:6      | Reached XP level 8. HP: 45/48 MP: 8/8
  5425 | D:6      | Reached skill level 5 in Axes
  5598 | D:2      | Bought a masterwork flail for 161 gold pieces
  5598 | D:2      | Identified the +5 flail of Ashenzari's Delight {drain,
                  | Int+4 Dex+5} (You bought it in a shop on level 2 of the
                  | Dungeon)
  5711 | D:6      | Reached * piety under Okawaru
  6376 | D:6      | Reached skill level 6 in Axes
  6766 | D:7      | Reached ** piety under Okawaru
  6767 | D:7      | Reached XP level 9. HP: 42/52 MP: 9/9
  7047 | D:7      | Found a sand-covered staircase.
  7058 | D:7      | Noticed a two-headed ogre
  7071 | D:7      | Killed a two-headed ogre
  7072 | D:7      | Reached skill level 7 in Axes
  7087 | Ossuary  | Entered an ossuary
  7762 | D:7      | Reached *** piety under Okawaru
  8036 | D:8      | Found a staircase to the Lair.
  8228 | D:8      | Reached skill level 8 in Axes
  8445 | D:8      | Reached XP level 10. HP: 49/56 MP: 10/10
  8934 | D:8      | Reached **** piety under Okawaru
  8936 | D:8      | Reached skill level 9 in Axes
  8936 | D:8      | Reached skill level 10 in Evocations
  9689 | D:9      | Noticed Erica
  9719 | D:9      | Killed Erica
  9719 | D:9      | Reached ***** piety under Okawaru
  9720 | D:9      | Reached skill level 10 in Axes
  9985 | D:9      | Reached skill level 11 in Axes
 10162 | D:9      | Reached XP level 11. HP: 54/60 MP: 11/11
 10552 | D:9      | Found a staircase to the Orcish Mines.
 10830 | D:9      | Noticed Harold
 10836 | D:9      | Noticed Harold
 10836 | D:9      | Harold changed into Harold the salamander
 10893 | D:9      | Killed Harold the salamander
 10921 | D:9      | Reached skill level 12 in Axes
 11041 | D:9      | Noticed a cyclops
 11056 | D:9      | Killed a cyclops
 11492 | D:9      | Noticed a deep elf pyromancer
 11492 | D:9      | Noticed a cyclops
 11492 | D:9      | Noticed a two-headed ogre
 11622 | D:9      | Killed a deep elf pyromancer
 11624 | D:9      | Killed a cyclops
 11767 | D:9      | Reached skill level 13 in Axes
 11856 | D:9      | Received a gift from Okawaru
 12070 | D:9      | Noticed Erolcha
 12080 | D:9      | Killed Erolcha
 12310 | D:9      | Found a broken altar of Ashenzari.
 12406 | D:9      | Identified the ring "Vuguf" {EV+4 Stlth+}
 12406 | D:9      | Noticed a deep elf pyromancer
 12408 | D:9      | Killed a deep elf pyromancer
 12455 | D:9      | Killed a two-headed ogre
 12456 | D:9      | Reached skill level 5 in Fighting
 12686 | D:10     | Entered Level 10 of the Dungeon
 12760 | D:10     | Noticed a two-headed ogre
 12802 | D:10     | Killed a two-headed ogre
 13041 | D:10     | Reached XP level 12. HP: 61/68 MP: 12/12
 13571 | D:2      | Bought a runed chain mail for 202 gold pieces
 13935 | D:11     | Noticed a boulder beetle
 13946 | D:11     | Killed a boulder beetle
 13947 | D:11     | Reached skill level 14 in Axes
 14209 | D:11     | Noticed a two-headed ogre
 14216 | D:11     | Killed a two-headed ogre
 14870 | D:11     | Identified 2 scrolls of acquirement
 14870 | D:11     | Acquired the +8 battleaxe of Uskayaw's Grace {flame, Str+2}
 14876 | D:11     | Acquired 658 gold pieces
 14956 | D:12     | Reached ****** piety under Okawaru
 14960 | D:12     | Noticed a boulder beetle
 14978 | D:12     | Killed a boulder beetle
 14978 | D:12     | Received a gift from Okawaru
 15133 | D:12     | Noticed Lodul
 15174 | D:12     | Reached skill level 15 in Axes
 15300 | D:12     | Killed Lodul
 15514 | D:2      | Bought a scroll of acquirement for 728 gold pieces
 15514 | D:2      | Acquired a manual of Axes
 15654 | Lair:1   | Entered Level 1 of the Lair of Beasts
 15981 | Lair:1   | Identified the +5 dagger of Nungioso {drain, rN+}
 16533 | Lair:2   | Reached skill level 16 in Axes
 16588 | Lair:2   | Found a runed translucent door.
 16589 | Lair:2   | Found a shimmering altar of Xom.
 16589 | Lair:2   | Noticed Qyfeak's ghost (journeyman DjVM)
 17040 | Lair:2   | Noticed a catoblepas
 17057 | Lair:2   | Killed a catoblepas
 17242 | Lair:2   | Reached skill level 17 in Axes
 17496 | Lair:2   | You fall into a shaft and drop 2 floors!
 17505 | Lair:4   | Reached XP level 13. HP: 70/72 MP: 13/13
 17552 | Lair:3   | Reached skill level 18 in Axes
 17722 | Lair:3   | Found a hole to the Spider Nest.
 17823 | Lair:3   | Found a staircase to the Shoals.
 17829 | Lair:3   | Received a gift from Okawaru
 18401 | Lair:3   | Reached skill level 19 in Axes
 19404 | Lair:4   | Identified the +0 pair of boots "Giboheawk" {Rampage rN+
                  | Str+2} (Okawaru gifted it to you on level 4 of the Lair of
                  | Beasts)
 19404 | Lair:4   | Received a gift from Okawaru
 19468 | Lair:4   | Reached skill level 20 in Axes
 19591 | Lair:4   | Reached skill level 1 in Dodging
 19606 | Lair:4   | Found a staircase to the Slime Pits.
 19760 | Lair:4   | Reached skill level 1 in Invocations
 19780 | Lair:4   | Gained mutation: Your large and strong wings let you fly.
                  | [Gargoyle growth]
 19780 | Lair:4   | Reached XP level 14. HP: 42/78 MP: 13/15
 20465 | Lair:5   | Entered Level 5 of the Lair of Beasts
 20678 | Lair:5   | Noticed a dire elephant
 20678 | Lair:5   | Noticed a dire elephant
 20678 | Lair:5   | Noticed a dire elephant
 20712 | Lair:5   | Killed a dire elephant
 21399 | Lair:5   | Reached skill level 5 in Armour
 21745 | Lair:5   | Reached skill level 5 in Invocations
 21940 | Lair:5   | Noticed a dire elephant
 22043 | Lair:5   | Received a gift from Okawaru
 22744 | Lair:5   | Killed a dire elephant
 22751 | Lair:5   | Killed a dire elephant
 22754 | Lair:5   | Killed a dire elephant
 22884 | Lair:5   | Reached XP level 15. HP: 90/90 MP: 18/18
 23045 | Orc:1    | Entered Level 1 of the Orcish Mines
 23122 | Orc:2    | Entered Level 2 of the Orcish Mines
 23154 | Orc:2    | Found Aman's Magic Scroll Boutique.
 23527 | Orc:2    | Found Falosiw's Antique Weapon Boutique.
 23719 | Orc:1    | Found a runed translucent gate.
 23719 | Orc:1    | Found a runed translucent gate.
 23719 | Orc:1    | Found a runed translucent gate.
 23721 | Orc:1    | Noticed reriks's ghost (journeyman GnWn)
 24170 | Orc:1    | Reached skill level 10 in Fighting
 24171 | Orc:1    | Killed reriks's ghost
 24279 | Orc:2    | Found a staircase to the Elven Halls.
 24403 | Orc:2    | Found Neor's Antique Armour Shoppe.
 24421 | Orc:2    | Received a gift from Okawaru
 24484 | Orc:2    | Found Acossoddi's General Store.
 24576 | Orc:2    | Found Asalesch's Antique Weapon Shop.
 24578 | Orc:2    | Bought a runed helmet for 195 gold pieces
 24589 | Orc:2    | Bought a translucent scale mail for 234 gold pieces
 24589 | Orc:2    | Identified the +4 scale mail "Zaat" {-Cast Rampage Dex+4
                  | Stlth+} (You bought it in a shop on level 2 of the Orcish
                  | Mines)
 24608 | Orc:2    | Found Otrixira's Distillery.
 24614 | Orc:2    | Bought a potion of attraction for 45 gold pieces
 24616 | Orc:2    | Bought a potion of berserk rage for 60 gold pieces
 24779 | Orc:2    | Reached skill level 10 in Armour
 24911 | Orc:2    | Bought a glowing battleaxe for 247 gold pieces
 24933 | Orc:2    | Bought a runed battleaxe for 285 gold pieces
 24933 | Orc:2    | Bought a runed battleaxe for 285 gold pieces
 25082 | Spider:1 | Entered Level 1 of the Spider Nest
 25668 | Spider:1 | Mangled by a tarantella simulacrum

Illustrated notes

Levels and vault maps discovered:
D:1:      lightli_arrival_chessboard, layout_basic,
          shapermc_ecumenical_altar_notcrosses, minmay_tromino_v2
D:2:      layout_basic, serial_shops, shop, shop, shop, shop,
          nicolae_diamond_shop
D:3:      layout_loops_corners, nicolae_ru_sacrificial_ziggurat, serial_shops,
          nicolae_shop_window_shopping, nicolae_shop_unique_rings, st_stairs_2,
          chequers_serial_rivers_large_b, uniq_ijyb
D:4:      layout_loops_corners, lightli_temple_of_fire, uniq_grinder
D:5:      layout_basic, minmay_temple_entry_nine_rooms
D:6:      minmay_recursive_quarters, layout_cave_pools, uniq_prince_ribbit1
D:7:      layout_loops_corners, nicolae_ossuary_entry_ruins
D:8:      lemuel_slime, layout_loops_cross, erik_lair_orcish_takeover
D:9:      minmay_the_grid_triangle_9x9_rhombus_full
          [minmay_the_grid_triangle_9x9_intruding_spiral,
          minmay_the_grid_triangle_9x9_sparse_checkered,
          minmay_the_grid_triangle_9x9_descending_squares,
          minmay_the_grid_triangle_9x9_corruption,
          minmay_the_grid_triangle_9x9_empty,
          minmay_the_grid_triangle_9x9_empty,
          minmay_the_grid_triangle_9x9_steps,
          minmay_the_grid_triangle_9x9_prize_insulated], layout_basic,
          kennysheep_mini_moat, hex_medium, minmay_misc_feat_enclosed,
          uniq_erolcha, uniq_erica, uniq_harold
D:10:     layout_irregular_city, dk_noncrumbling_3
D:11:     layout_basic
D:12:     layout_basic, uniq_kirke, uniq_lodul, uniq_rupert
Temple:   nicolae_temple_bog_church
Lair:1:   layout_hall_layers, grunt_megastairs_3
Lair:2:   layout_roguey, ebering_ghost_xom, nicolae_quartered_pool_medium,
          lemuel_fruit_fields
Lair:3:   layout_cave_pods, minmay_shoals_entry_beasts, spider_nest_entry_a
Lair:4:   layout_gridlike, slime_entry_1, special_room
          [special_room_mythical_zoo]
Lair:5:   due_jungle_book, layout_cave_pods, dreamdust_mushroom_princess
Spider:1: layout_chambers, nicolae_spider_wall_of_niches
Orc:1:    layout_diamond_mine, gammafunk_ghost_split
Orc:2:    st_orc_elflike, layout_diamond_mine, serial_shops,
          nicolae_shop_crystal, shop, mines5_lemuel

Skill      XL: |  1  2  3  4  5  6  7  8  9 10 11 12 13 14 15 |
---------------+----------------------------------------------+-----
Evocations     | 3 4 5 6 7 9 10 | 10.0
Fighting       | 2 3 5 9 11 | 11.3
Axes           | 2 3 4 6 8 11 13 17 20 | 20.0
Dodging        | 1 3 |  3.0
Invocations    | 1 5 |  5.0
Armour         | 8 10 | 10.4
Stealth        | |  1.1

Action                   |  1- 3 |  4- 6 |  7- 9 | 10-12 | 13-15 || total
-------------------------+-------+-------+-------+-------+-------++-------
Melee: Club              |    18 |       |       |       |       ||    18
       Punch             |     3 |       |     2 |     8 |       ||    13
       Dagger            |    92 |   102 |    75 |       |       ||   269
       Flail             |       |       |   192 |   413 |       ||   605
       Battleaxe         |       |       |       |   129 |   813 ||   942
       War axe           |       |       |       |     3 |       ||     3
Throw: Dart              |       |       |    10 |    41 |     7 ||    58
       Javelin           |       |       |     6 |    11 |       ||    17
       Throwing net      |       |       |       |     1 |       ||     1
Invok: Heroism           |       |       |     1 |     7 |     2 ||    10
       Finesse           |       |       |       |       |     2 ||     2
Evoke: Wand              |     3 |    10 |     6 |     9 |     3 ||    31
  Use: Scroll            |       |       |     8 |    17 |     1 ||    26
       Potion            |       |       |       |     3 |       ||     3
 Stab: Sleeping          |       |       |     6 |     1 |       ||     7
       Distracted        |       |       |       |     1 |       ||     1
       Held in net/web   |       |       |       |     1 |       ||     1
Armor: Leather armour    |     8 |       |       |       |       ||     8
       Ring mail         |    52 |    33 |       |       |       ||    85
       Chain mail        |       |    12 |    39 |    71 |   323 ||   445
       Steam dragon scal |       |       |    65 |    73 |       ||   138
       Fire dragon scale |       |       |     4 |    13 |       ||    17
       Acid dragon scale |       |       |       |    45 |       ||    45
       Scale mail        |       |       |       |    24 |    19 ||    43
Dodge: Dodged            |    55 |    37 |   103 |   285 |   351 ||   831
       Repelled          |       |       |       |     4 |     9 ||    13
Block: Other             |     4 |    19 |    60 |    97 |   131 ||   311
       Reflection        |       |       |     1 |     7 |     3 ||    11

Table legend: (Time is in decaauts)
 A = Elapsed time spent in this place.
 B = Non-inter-level travel time spent in this place.
 C = Inter-level travel time spent in this place.
 D = Time resting spent in this place.
 E = Time spent auto-exploring this place.
 F = Levels seen in this place.
 G = Mean time per level.
                   A        B        C        D        E       F      G
               +--------+--------+--------+--------+--------+-----+--------+
         Total |  25497 |  23060 |   2437 |   4504 |  14089 |  22 | 1159.0 |
       Dungeon |  15343 |  13807 |   1536 |   2958 |   7894 |  12 | 1278.6 |
        Temple |    237 |    189 |     48 |      0 |    172 |   1 |  237.0 |
          Lair |   7334 |   6876 |    458 |   1413 |   4421 |   5 | 1466.8 |
   Spider Nest |    235 |    226 |      9 |      0 |    140 |   1 |  235.0 |
  Orcish Mines |   2024 |   1639 |    385 |    132 |   1226 |   2 | 1012.0 |
       Ossuary |    321 |    321 |      0 |      0 |    236 |   1 |  321.0 |
               +--------+--------+--------+--------+--------+-----+--------+

Top non-repeatable levels by time:
     D:9: 3098 daAuts
  Lair:5: 2305 daAuts
     D:8: 1803 daAuts
  Lair:4: 1497 daAuts
  Lair:2: 1350 daAuts
     D:3: 1350 daAuts
  Lair:3: 1275 daAuts
   Orc:2: 1274 daAuts
     D:6: 1256 daAuts
     D:5: 1252 daAuts
     D:4: 1251 daAuts
     D:7: 1158 daAuts
    D:11: 1151 daAuts
    D:10: 987 daAuts
  Lair:1: 906 daAuts
